 Dungeon Crawl Stone Soup version 0.19.4-8-ga85b6b9 (webtiles) character file.

81132 Kiturien the Peltast (level 15, -47/138 HPs)
             Began as a Hill Orc Fighter on Feb 11, 2017.
             Was the Champion of Qazlal.
             Annihilated by an enormous slime creature (63 damage)
             ... on level 4 of the Swamp.
             The game lasted 01:59:46 (19382 turns).

Kiturien the Peltast (Hill Orc Fighter)            Turns: 19382, Time: 01:59:46

Health: -47/138    AC: 33    Str: 36    XL:     15   Next: 69%
Magic:  12/12      EV: 10    Int: 12    God:    Qazlal [******]
Gold:   1365       SH: 38    Dex:  8    Spells: 0 memorised, 22 levels left

rFire  + + .     SeeInvis +     A - +9 flail of Evil {protect, *Noise rPois MR+ Str+2 Int+4}
rCold  + + .     Gourm    .     I - +0 plate armour
rNeg   + + +     Faith    .     C - +2 large shield
rPois  +         Spirit   .     y - +1 helmet of Beauty {rN+}
rElec  .         Reflect  +     Z - +0 cloak
rCorr  .         Harm     .     K - +0 pair of gloves of the Ditch-Digger {-Cast rN+ Regen+ SInv}
MR     ++...     NoCast   +     D - +0 pair of boots
Stlth  ..........               H - +5 amulet of reflection
                                j - ring of positive energy
                                t - ring "Marrufecw" {rF++ rC++ MP-9 Str+6}

@: protected from physical damage, protection aura, repel missiles
A: repulsion field 1, clumsy 1, shaggy fur 1, strong 1, wild magic 1
a: Upheaval, Elemental Force, Disaster Area, Renounce Religion


You were on level 4 of the Swamp.
You worshipped Qazlal.
Qazlal was exalted by your worship.
You were not hungry.

You visited 4 branches of the dungeon, and saw 23 of its levels.
You visited the Abyss 1 time.

You collected 1734 gold pieces.
You spent 369 gold pieces at shops.

Inventory:

Hand Weapons
 a - a +1 war axe
 v - the +4 rapier of the Ass {elec, +Rage rElec Str+7 Int-4}
   (You found it on level 4 of the Dungeon)

   Occasionally, upon striking a foe, it will discharge some electrical energy
   and cause terrible harm.
   It affects your strength (+7).
   It affects your intelligence (-4).
   It insulates you from electricity.
   It lets you go berserk.
 A - the +9 flail of Evil (weapon) {protect, *Noise rPois MR+ Str+2 Int+4}
   (You found it on level 4 of the Dungeon)

   It protects the one who uses it against injury (+AC on strike).
   It affects your strength (+2).
   It affects your intelligence (+4).
   It protects you from poison.
   It affects your resistance to hostile enchantments.
   It may make noises in combat.
 M - a +0 broad axe of chopping
Armour
 e - a +2 hat
 y - the +1 helmet of Beauty (worn) {rN+}
   (You acquired it on level 1 of the Swamp)

   It protects you from negative energy.
 C - a +2 large shield (worn)
 D - a +0 pair of boots (worn)
 I - a +0 plate armour (worn)
 K - the +0 pair of gloves of the Ditch-Digger (worn) {-Cast rN+ Regen+ SInv}
   (You found it on level 9 of the Dungeon)

   It protects you from negative energy.
   It lets you see invisible.
   It prevents spellcasting.
   It increases your rate of regeneration.
 N - a +1 hat
 W - a +1 chain mail of fire resistance
 Z - a +0 cloak (worn)
Jewellery
 j - a ring of positive energy (right hand)
 t - the ring "Marrufecw" (left hand) {rF++ rC++ MP-9 Str+6}
   (You found it on level 13 of the Dungeon)

   [ring of strength]

   It affects your strength (+6).
   It greatly protects you from fire.
   It greatly protects you from cold.
   It affects your magic capacity (-9).
 B - an uncursed ring of ice
 G - a +1 ring of evasion
 H - a +5 amulet of reflection (around neck)
Wands
 n - a wand of disintegration (4/24)
 w - a wand of hasting (3/9)
 z - a wand of lightning (6/15)
 O - a wand of enslavement (21/24)
Scrolls
 c - a scroll of fog
 h - 5 scrolls of recharging
 i - 8 scrolls of teleportation
 r - 2 scrolls of noise {unknown}
 u - 7 scrolls of enchant weapon
 x - 3 scrolls of magic mapping
 F - 10 scrolls of remove curse
 T - a scroll of enchant armour
Potions
 d - 5 potions of might
 k - 2 potions of magic
 l - 10 potions of curing
 m - 3 potions of brilliance
 s - 4 potions of ambrosia
 E - a potion of berserk rage
 J - 4 potions of flight
 R - a potion of haste
 Y - a potion of agility
Miscellaneous
 b - a sack of spiders
 P - 2 phantom mirrors
Comestibles
 f - 8 bread rations
 g - 4 slices of pizza
 o - 11 meat rations
 p - 4 chunks of flesh
 L - 5 fruits
 S - 3 beef jerkies


   Skills:
 - Level 14.0 Fighting
 - Level 6.8(12.6) Axes
 - Level 14.0(14.3) Maces & Flails
 + Level 12.3 Armour
 - Level 2.7 Dodging
 - Level 0.1 Stealth
 - Level 17.0 Shields
 - Level 4.4 Spellcasting


You had 22 spell levels left.
You didn't know any spells.

Dungeon Overview and Level Annotations

Branches:
Dungeon (14/15)            Temple (0/1) D:6            Lair (3/6) D:9
  Swamp (4/4) Lair:3          Orc (2/2) D:12            Elf (0/3) Orc:2
  Snake: Lair:2-4    Spider: Lair:2-4    Vaults: D:13-14

Altars:
Elyvilon
Fedhas
Qazlal
Ru
Sif Muna
Trog
The Shining One

Shops:
D:10 [   D:12 }*(?[   D:13 (   Orc:2 ((}=

Annotations:
D:11 1 runed door


Innate Abilities, Weirdness & Mutations

You are surrounded by a mild repulsion field. (EV +2)
You are clumsy. (Dex -2)
You are covered in fur. (AC +1)
Your muscles are strong. (Str +2)
Your spells are a little harder to cast, but a little more powerful.


Message History

The bog body gestures at you while chanting.
The bolt of cold is repelled.
Two slime creatures merge to form a large slime creature.
The cyan ugly thing is engulfed in noxious fumes.
The cyan ugly thing tentacle-slaps the bog body!
The cyan ugly thing shocks the bog body!
You block the enormous slime creature's attack.
A slime creature comes into view.
The slime creature quivers.
You reach into the bag... ...and things crawl out!
The bog body casts a spell at you. You resist with almost no effort.
The bog body hits your soldier ant!
The bog body touches your soldier ant but does no damage.
The swamp dragon breathes poison at you.
The blast of poison engulfs you! You resist.
You block the slime creature's attack. You block the bog body's attack.
The bog body touches you but does no damage.
The cyan ugly thing is engulfed in noxious fumes.
You block the cyan ugly thing's attack. The enormous slime creature hits you!!!
You die...

♣.≈≈.♣ ♣♣♣♣≈..$.♣
♣≈.≈≈..!♣
♣♣♣♣.≈≈....♣
♣.≈..†≈≈≈..♣♣. §
♣♣≈≈..u)≈≈≈≈≈≈.
≈≈k♣≈.≈k§§§≈≈≈≈≈≈≈
≈≈JnJaDnJk§≈≈≈≈≈≈≈
§♣♣♣nnJ@uDD≈.≈≈≈≈≈
♣♣♣J§n♣§..≈≈≈≈≈
♣♣♣♣♣...≈≈≈≈≈
≈≈..≈≈≈≈≈
≈≈≈.≈≈≈≈≈ ..≈≈≈≈≈
..≈≈≈.≈


You could see 3 swamp dragons, 2 ugly things, an enormous slime creature, a
large slime creature, 3 slime creatures, 5 bog bodies, 3 swamp drakes and a
friendly soldier ant.

Vanquished Creatures
  Gastronok (D:11)
  2 thorn hunters
  Agnes (D:14)
  A very ugly thing (Swamp:3)
  Snorg (D:13)
  Josephine (D:13)
  Erolcha (D:9)
  7 hydras
  10 alligators
  The ghost of Dickchan the Cleaver, a novice HOFi of Uskayaw (D:8)
  5 ogre magi
  A hell hog (Abyss:2)
  Nergalle (Lair:2)
  A wretched star (Abyss:2)
  2 spriggan druids
  An unseen horror (D:13)
  A swamp dragon (Swamp:1)
  3 shambling mangroves
  A deep elf mage (D:13)
  7 ugly things
  An oklob plant (Lair:1)
  2 cyclopes
  3 elephants (Lair:3)
  A manticore (D:10)
  Maurice (Orc:1)
  2 black mambas
  A torpor snail (Lair:3)
  A gargoyle (D:11)
  4 centaur skeletons
  12 spiny frogs
  3 komodo dragons
  A rime drake (Lair:1)
  2 trolls (D:13)
  4 polar bears (D:10)
  16 two-headed ogres
  13 blink frogs
  4 tyrant leeches
  12 hornets
  Grinder (D:5)
  3 slime creatures (Swamp:2)
  3 raiju (Abyss:2)
  6 bog bodies
  9 hippogriffs
  Sigmund (D:4)
  4 shadows
  5 spriggans
  A ynoxinul (Abyss:2)
  16 yaks
  3 large abominations
  6 wraiths
  A wyvern (D:12)
  A vampire (D:12)
  2 basilisks
  A hog (D:10)
  6 vampire mosquitoes
  Grum (Lair:1)
  A neqoxec (Abyss:2)
  2 hungry ghosts
  A mottled dragon (D:13)
  20 swamp worms
  11 insubstantial wisps
  8 water moccasins
  10 porcupines
  8 swamp drakes
  7 orc warriors
  A sky beast (D:9)
  7 black bears
  An ice beast (D:8)
  6 centaurs
  7 wolves
  An eye of draining (D:13)
  27 ogres
  A necrophage (D:11)
  7 crocodiles
  2 big kobolds
  18 bullfrogs
  A wyvern skeleton (D:9)
  6 killer bees (D:9)
  2 small abominations (Abyss:2)
  2 scorpions
  11 wights
  2 electric eels
  A vampire bat (Lair:1)
  4 crimson imps
  3 howler monkeys
  2 centaur zombies
  A quasit (D:8)
  2 bullfrog zombies
  7 hounds
  12 orc priests
  3 bullfrog skeletons
  5 jellies
  4 iguanas
  9 orc wizards
  6 worker ants
  A hound zombie (D:6)
  3 hound skeletons
  2 howler monkey skeletons (D:8)
  8 river rats
  17 adders
  A shadow imp (D:6)
  3 oozes
  3 worms
  5 leopard geckos
  64 orcs
  2 ball pythons (D:1)
  4 giant cockroaches
  7 hobgoblins
  17 jackals
  6 quokkas
  19 bats
  6 frilled lizards
  8 goblins
  17 kobolds
  A leopard gecko zombie (D:6)
  A quokka skeleton (D:6)
  11 rats
  7 fungi
  14 plants (Lair:2)
658 creatures vanquished.

Vanquished Creatures (others)
  Louise (Swamp:4)
  A bog body (Swamp:2)
  A quasit (Abyss:2)
  An adder (D:9)
  4 fungi
  3 plants
11 creatures vanquished.

Grand Total: 669 creatures vanquished

Notes
Turn   | Place    | Note
-------+----------+-------------------------------------------
     0 | D:1      | Kiturien the Hill Orc Fighter began the quest for the Orb.
     0 | D:1      | Reached XP level 1. HP: 19/19 MP: 1/1
   122 | D:1      | Reached XP level 2. HP: 24/27 MP: 2/2
   421 | D:1      | Reached XP level 3. HP: 25/33 MP: 3/3
   970 | D:2      | Reached XP level 4. HP: 40/40 MP: 4/4
  1707 | D:3      | Reached XP level 5. HP: 46/46 MP: 4/6
  2171 | D:3      | Reached skill level 1 in Dodging
  2173 | D:3      | Reached skill level 1 in Spellcasting
  2258 | D:3      | Reached skill level 5 in Axes
  2358 | D:3      | Reached skill level 4 in Shields
  2358 | D:3      | Reached XP level 6. HP: 47/52 MP: 7/7
  2820 | D:4      | Got a translucent rapier
  2821 | D:4      | Identified the +4 rapier of the Ass {elec, +Rage rElec Str+7 Int-4} (You found it on level 4 of the Dungeon)
  2862 | D:4      | Found a stormy altar of Qazlal.
  2865 | D:4      | Noticed a fire elemental
  2865 | D:4      | Noticed an air elemental
  2865 | D:4      | Noticed a water elemental
  2882 | D:4      | Became a worshipper of Qazlal Stormbringer
  3104 | D:4      | Found a glowing golden altar of the Shining One.
  3111 | D:4      | Noticed Sigmund
  3121 | D:4      | Killed Sigmund
  3121 | D:4      | Reached XP level 7. HP: 40/60 MP: 7/9
  3483 | D:4      | Got an ivory flail
  3484 | D:4      | Identified the +9 flail of Evil {protect, *Noise rPois MR+ Str+2 Int+4} (You found it on level 4 of the Dungeon)
  3528 | D:5      | Entered Level 5 of the Dungeon
  3756 | D:5      | Noticed Grinder
  3759 | D:5      | Paralysed by Grinder for 2 turns
  3763 | D:5      | Killed Grinder
  3763 | D:5      | Reached skill level 5 in Armour
  3768 | D:5      | Reached skill level 5 in Fighting
  3965 | D:5      | Found a deep blue altar of Sif Muna.
  4047 | D:5      | Found a stormy altar of Qazlal.
  4281 | D:6      | Reached skill level 5 in Shields
  4281 | D:6      | Reached XP level 8. HP: 18/68 MP: 11/11
  4313 | D:6      | Reached * piety under Qazlal
  4565 | D:6      | Found a sacrificial altar of Ru.
  4654 | D:6      | Found a staircase to the Ecumenical Temple.
  5609 | D:8      | Reached ** piety under Qazlal
  5616 | D:8      | Reached skill level 6 in Shields
  5616 | D:8      | Reached XP level 9. HP: 56/74 MP: 15/15
  5695 | D:8      | Reached skill level 1 in Maces & Flails
  5781 | D:8      | Found a white marble altar of Elyvilon.
  5791 | D:8      | Reached skill level 7 in Shields
  6039 | D:8      | Noticed Dickchan's ghost (novice HOFi)
  6079 | D:8      | Killed Dickchan's ghost
  6079 | D:8      | Reached skill level 8 in Shields
  6289 | D:8      | Reached skill level 9 in Shields
  6292 | D:8      | Reached skill level 5 in Maces & Flails
  6292 | D:8      | Reached XP level 10. HP: 27/83 MP: 16/16
  6593 | D:8      | Reached skill level 10 in Shields
  6608 | D:8      | Reached *** piety under Qazlal
  7056 | D:9      | Found a staircase to the Lair.
  7131 | D:9      | Got a pair of heavily runed gloves
  7157 | D:9      | Identified the +0 pair of gloves of the Ditch-Digger {-Cast rN+ Regen+ SInv} (You found it on level 9 of the Dungeon)
  7360 | D:9      | Noticed Erolcha
  7382 | D:9      | Killed Erolcha
  7382 | D:9      | Reached skill level 11 in Shields
  7521 | D:9      | Found a blossoming altar of Fedhas.
  7606 | D:9      | Reached XP level 11. HP: 62/92 MP: 17/17
  7923 | Lair:1   | Entered Level 1 of the Lair of Beasts
  8022 | Lair:1   | Reached **** piety under Qazlal
  8225 | Lair:1   | Reached skill level 12 in Shields
  8301 | Lair:1   | Noticed Grum
  8310 | Lair:1   | Killed Grum
  8561 | Lair:1   | Found a bloodstained altar of Trog.
  8562 | Lair:1   | Noticed an oklob plant
  8580 | Lair:1   | Killed an oklob plant
  9131 | D:10     | Entered Level 10 of the Dungeon
  9155 | D:10     | Noticed a centaur warrior
  9156 | D:10     | Noticed a tengu warrior
  9156 | D:10     | Noticed an orc knight
  9156 | D:10     | Noticed a centaur warrior
  9259 | D:10     | Found Zarghot's Armour Shoppe.
  9476 | D:10     | Found a huge runed gate.
  9476 | D:10     | Found a huge runed gate.
  9476 | D:10     | Found a huge runed gate.
  9478 | D:10     | Found a huge runed gate.
  9480 | D:10     | Noticed a manticore
  9748 | D:10     | Reached skill level 10 in Maces & Flails
  9751 | D:10     | Reached skill level 13 in Shields
  9770 | D:10     | Reached XP level 12. HP: 97/100 MP: 18/18
 10068 | D:11     | Reached ***** piety under Qazlal
 10069 | D:11     | Noticed Gastronok
 10091 | D:11     | Killed Gastronok
 10107 | D:11     | Reached skill level 14 in Shields
 10351 | D:11     | Found a runed door.
 10351 | D:11     | Noticed an orc warlord
 10352 | D:11     | Noticed an ettin
 10353 | D:11     | Noticed a stone giant
 10353 | D:11     | Noticed a fire dragon
 10353 | D:11     | Noticed a deep troll earth mage
 10639 | D:12     | Found Gofusch's Magic Scroll Shop.
 10752 | D:12     | Bought a scroll of identify for 22 gold pieces
 10752 | D:12     | Bought a scroll of identify for 22 gold pieces
 10800 | D:12     | Found Naujuik's General Store.
 10917 | D:12     | Found Zoweer's Gadget Shop.
 10922 | D:12     | Found a staircase to the Orcish Mines.
 11099 | D:12     | Found Wasais's Armour Shop.
 11164 | D:12     | Found Deklas's Weapon Emporium.
 11456 | D:12     | Gained mutation: Your mind is acute. (Int +2) [mutagenic meat]
 11457 | D:12     | Gained mutation: You are clumsy. (Dex -2) [mutagenic meat]
 11458 | D:12     | Gained mutation: Armour fits poorly on your strangely shaped body. [mutagenic meat]
 11463 | D:12     | Gained mutation: You are frail. (-10% HP) [potion of mutation]
 11463 | D:12     | Gained mutation: You are weak. (Str -2) [potion of mutation]
 11463 | D:12     | Gained mutation: You have very sharp teeth. [potion of mutation]
 11464 | D:12     | Lost mutation: You are weak. (Str -2) [potion of cure mutation]
 11464 | D:12     | Lost mutation: Armour fits poorly on your strangely shaped body. [potion of cure mutation]
 11464 | D:12     | Lost mutation: You are frail. (-10% HP) [potion of cure mutation]
 11464 | D:12     | Lost mutation: Your mind is acute. (Int +2) [potion of cure mutation]
 11464 | D:12     | Lost mutation: You have very sharp teeth. [potion of cure mutation]
 11505 | D:13     | Reached skill level 15 in Shields
 11531 | D:13     | Noticed Snorg
 11568 | D:13     | Killed Snorg
 11568 | D:13     | Reached XP level 13. HP: 73/107 MP: 16/19
 11614 | D:13     | Got a bound amber ring
 11647 | D:13     | Identified the ring "Marrufecw" {rF++ rC++ MP-9 Str+6} (You found it on level 13 of the Dungeon)
 11818 | D:13     | Noticed Josephine
 11827 | D:13     | Killed Josephine
 12065 | D:13     | Found Haoxib's Weapon Emporium.
 12384 | Orc:1    | Entered Level 1 of the Orcish Mines
 12420 | Orc:2    | Entered Level 2 of the Orcish Mines
 12427 | Orc:2    | Noticed Maurice
 12482 | Orc:2    | Noticed an ogre mage
 12546 | Orc:1    | Reached ****** piety under Qazlal
 12553 | Orc:1    | Killed an ogre mage
 12568 | Orc:1    | Killed Maurice
 12626 | Orc:1    | Reached skill level 16 in Shields
 12735 | Orc:2    | Noticed an ogre mage
 12747 | Orc:2    | Killed an ogre mage
 12800 | Orc:2    | Noticed an ogre mage
 12805 | Orc:2    | Paralysed by an ogre mage for 5 turns
 12813 | Orc:2    | Killed an ogre mage
 12884 | Orc:2    | Found Xetaill's Gadget Shop.
 12884 | Orc:2    | Found Oluetzur's Weapon Emporium.
 12884 | Orc:2    | Found Xorpha's Jewellery Shoppe.
 12884 | Orc:2    | Found Xoleol's Antique Weapon Shop.
 13130 | Orc:2    | Found a staircase to the Elven Halls.
 13388 | Orc:2    | Bought a +5 amulet of reflection for 325 gold pieces
 13486 | D:14     | Noticed Agnes
 13504 | D:14     | Killed Agnes
 13505 | D:14     | Noticed a vault guard
 13719 | Lair:2   | Noticed Nergalle
 13727 | Lair:2   | Killed Nergalle
 13727 | Lair:2   | Reached XP level 14. HP: 113/115 MP: 11/20
 13734 | Lair:2   | Reached skill level 17 in Shields
 14747 | Lair:3   | Found a staircase to the Swamp.
 15659 | Swamp:1  | Entered Level 1 of the Swamp
 15688 | Swamp:1  | Reached skill level 10 in Fighting
 15810 | Swamp:1  | Noticed a thorn hunter
 15822 | Swamp:1  | Killed a thorn hunter
 15987 | Swamp:1  | Identified a scroll of acquirement
 15991 | Swamp:1  | Got a fine helmet
 16002 | Swamp:1  | Identified the +1 helmet of Beauty {rN+} (You acquired it on level 1 of the Swamp)
 17098 | Swamp:2  | You fall through a shaft!
 17125 | Swamp:3  | Reached XP level 15. HP: 136/137 MP: 12/21
 17470 | Swamp:3  | Gained mutation: Your spells are a little harder to cast, but a little more powerful. [mutagenic meat]
 17471 | Swamp:3  | Gained mutation: You are surrounded by a mild repulsion field. (EV +2) [mutagenic meat]
 17472 | Swamp:3  | Gained mutation: You are dopey. (Int -2) [mutagenic meat]
 17473 | Swamp:3  | Gained mutation: You are covered in fur. (AC +1) [mutagenic meat]
 17474 | Swamp:3  | Lost mutation: You are dopey. (Int -2) [mutagenic meat]
 17474 | Swamp:3  | Gained mutation: Your muscles are strong. (Str +2) [potion of beneficial mutation]
 18480 | Swamp:4  | Entered Level 4 of the Swamp
 18480 | Swamp:4  | Noticed Louise
 18480 | Swamp:4  | Noticed a thorn hunter
 18481 | Swamp:4  | Cast into level 2 of the Abyss (Louise)
 18539 | Abyss:2  | Found a corrupted altar of Lugonu.
 18701 | Abyss:2  | Reached skill level 10 in Armour
 18719 | Abyss:2  | Noticed a hellephant
 18720 | Swamp:4  | Escaped the Abyss
 18734 | Swamp:3  | Killed a thorn hunter
 19366 | Swamp:4  | Killed Louise
 19380 | Swamp:4  | HP: 6/138 [enormous slime creature (32)]
 19382 | Swamp:4  | Annihilated by an enormous slime creature

Skill      XL: |  1  2  3  4  5  6  7  8  9 10 11 12 13 14 15 |
---------------+----------------------------------------------+-----
Axes           | 3 4 5 6 |  6.8
Fighting       | 4 5 6 7 8 13 14 | 14.0
Armour         | 4 5 6 7 12 | 12.3
Dodging        | 1 2 |  2.7
Spellcasting   | 1 2 4 |  4.4
Shields        | 4 5 6 9 11 13 15 16 17 | 17.0
Maces & Flails | 5 7 10 12 13 14 | 14.0
Stealth        | |  0.1

Action                   |  1- 3 |  4- 6 |  7- 9 | 10-12 | 13-15 || total
-------------------------+-------+-------+-------+-------+-------++-------
Melee: War axe           |   113 |   155 |     5 |       |       ||   273
       Rapier            |       |    24 |     8 |       |       ||    32
       Flail             |       |       |   235 |   690 |  1102 ||  2027
Evoke: Wand              |       |       |     1 |       |       ||     1
       Sack of spiders   |       |       |       |       |     1 ||     1
  Use: Scroll            |       |     7 |     9 |     8 |    14 ||    38
       Potion            |       |       |     1 |     4 |     8 ||    13
  Eat: Chunk             |       |     8 |    10 |    18 |    26 ||    62
       Bread ration      |       |       |       |     1 |       ||     1
       Pizza             |       |       |       |       |     1 ||     1
       Beef jerky        |       |       |       |       |     1 ||     1
       Royal jelly       |       |       |       |       |     2 ||     2
Armor: Scale mail        |    79 |    93 |    92 |       |       ||   264
       Plate armour      |       |       |    68 |   321 |   260 ||   649
Dodge: Dodged            |    54 |    61 |    50 |   100 |   151 ||   416
       Deflected         |       |       |       |     3 |     4 ||     7
Block: Shield            |    68 |   108 |     5 |       |       ||   181
       Large shield      |       |       |   290 |  1119 |  1576 ||  2985
       Reflection        |       |       |       |       |    12 ||    12
